AoeStats
← YuriPsychoControl

Nomad

506796748Analyzed
4v4 RM · 17d ago on Sep 15, 2026· 32m 2s· 8 players
Game mode
Random Map
Map size
231×231
Population
200
Speed
Normal
Resources
Standard
Victory
Conquest
Starting age
Dark Age
Ending age
Imperial Age
RankedLock teamsTeams togetherTeam positionsShared explorationLock speedFull tech treeHidden civsTurbo modeCheats
Victory
Defeat
🇨🇳 Bohemians · China
959
+12
🇳🇿 Koreans · New Zealand
946
+13
🇦🇺 Italians · Australia
945
+13
🇭🇰 Huns · Hong Kong SAR China
898
+14
🇺🇸 Spanish · United States
902
-15
🇮🇹 Koreans · Italy
883
-13
🇨🇳 Georgians · China
857
-12
🇮🇳 Persians · India
845
-12
幻影碧萝
17:15 Feudal Age
21:31 Castle Age
19:25 Fishing Lines
19:36 Double-Bit Axe
19:42 Gold Mining
22:02 Bloodlines
21:46 Fletching
22:27 Light Cavalry
24:24 Husbandry
24:41 Padded Archer Armor
24:58 Loom
27:58 Thumb Ring
30:59 Horse Collar
32:02 Forging
Macau_Player
8:39 Loom
14:55 Feudal Age
19:54 Fletching
20:05 Padded Archer Armor
24:28 Castle Age
24:53 Crossbowman
29:54 Bodkin Arrow
30:14 Leather Archer Armor
Angry Womble
13:30 Feudal Age
17:59 Castle Age
17:45 Fishing Lines
25:22 Gold Mining
25:26 Double-Bit Axe
29:14 Bow Saw
28:58 Horse Collar
29:21 Gillnets
32:57 Imperial Age
31:57 Ballistics
scrawnny12
11:30 Loom
13:58 Feudal Age
14:46 Town Watch
15:20 Man-at-Arms
22:06 Castle Age
20:31 Stone Mining
21:25 Double-Bit Axe
22:11 Fletching
27:27 Bow Saw
28:52 Horse Collar
31:04 Gold Mining
kwik
4:35 Loom
14:30 Feudal Age
18:04 Double-Bit Axe
20:54 Castle Age
isthisthingon
6:50 Loom
17:26 Feudal Age
18:12 Double-Bit Axe
18:51 Fishing Lines
19:39 Horse Collar
22:01 Arson
23:51 Forging
26:22 Castle Age
25:41 Bloodlines
25:41 Scale Mail Armor
26:29 Pikeman
29:27 Bow Saw
30:30 Gold Mining
30:43 Gillnets
YuriPsychoControl
14:09 Feudal Age
14:05 Loom
14:42 Double-Bit Axe
18:16 Wheelbarrow
20:28 Castle Age
19:32 Stone Mining
20:09 Fletching
20:11 Fishing Lines
21:19 Gold Mining
22:34 Bodkin Arrow
24:55 Bow Saw
CHFSwissMade
16:23 Feudal Age
20:09 Loom
29:09 Castle Age
Connection lost

Rejoining the realm…

Still unreachable

The connection could not be restored.

Session expired

The server has moved on; the page needs a fresh start.